 Dungeon Crawl Stone Soup version 0.26-a0-27-g1f0226971c (webtiles) character file.

Game seed: 13261062779790328985, levelgen mode: deterministic

11141 Lanoc the Destroyer (level 11, -3/73 (74) HPs)
             Began as a White Draconian Fire Elementalist on May 27, 2020.
             Was an Elder of Ru.
             Slain by a two-headed ogre
             ... wielding a +0 giant club
              (15 damage)
             ... on level 10 of the Dungeon.
             The game lasted 00:34:06 (16487 turns).

Lanoc the Destroyer (DrFE)                         Turns: 16487, Time: 00:34:06

HP:   -3/73 (74)    AC: 16    Str: 10    XL:     11   Next: 45%
MP:   23/23         EV: 17    Int: 18    God:    Ru [****..]
Gold: 561           SH:  0    Dex: 13    Spells: 14/27 levels left

rFire    + . .     SeeInvis +   K - +8 mace of the Omega Point {protect, rF+ rC+}
rCold    + + .     Gourm    .   (no shield)
rNeg     . . .     Faith    +   (armour unavailable)
rPois    +         Spirit   .   (helmet restricted)
rElec    .         Reflect  .   H - +1 cloak {rPois}
rCorr    .         Harm     .   (no gloves)
MR       .....                  (no boots)
Stlth    ..........             a - amulet of faith
HPRegen  0.22/turn              B - ring of see invisible
MPRegen  0.18/turn              (no ring)

@: short of breath, no potions, horrified, protection aura, lightly drained
A: breathe frost, unfitting armour, stinger 1, cold resistance 1, cold-blooded,
inability to drink while threatened, no stealth, hated by all, cowardly, AC +7
a: Breathe Frost, Draw Out Power, Power Leap, Renounce Religion


You were on level 10 of the Dungeon.
You worshipped Ru.
Ru was greatly pleased with you.
You were near starving.

You visited 2 branches of the dungeon, and saw 11 of its levels.
You also visited: Ossuary.

You collected 596 gold pieces.
You spent 35 gold pieces at shops.

Inventory:

Hand Weapons
 K - the +8 mace of the Omega Point (weapon) {protect, rF+ rC+}
   (You found it on level 10 of the Dungeon)

   It grants its wielder temporary protection when it strikes (+7 to AC).
   It protects you from fire.
   It protects you from cold.
Armour
 D - a scarf of invisibility
 H - a +1 cloak of poison resistance (worn)
Jewellery
 a - an amulet of faith (around neck)
 k - an uncursed amulet of the acrobat
 B - a ring of see invisible (left hand)
 F - an uncursed amulet of guardian spirit {unknown}
 I - an uncursed amulet of reflection {unknown}
Wands
 C - a wand of flame (15)
 J - a wand of digging (6)
 L - a wand of random effects (18)
Scrolls
 c - 4 scrolls of amnesia {unknown}
 d - 6 scrolls of remove curse {unknown}
 f - 13 scrolls of identify
 g - 2 scrolls of blinking {unknown}
 h - 6 scrolls of teleportation
 i - 4 scrolls of enchant armour {unknown}
 l - 2 scrolls of magic mapping
 n - 2 scrolls of fog {unknown}
 t - 8 scrolls of random uselessness {unknown}
 y - a scroll of noise {unknown}
 A - a scroll of fear {unknown}
Potions
 e - 6 potions of curing
 j - a potion of berserk rage {unknown}
 m - 2 potions of heal wounds
 o - a potion of magic {unknown}
 p - 9 potions of degeneration {unknown}
 q - 2 potions of haste {unknown}
 r - a potion of resistance
 s - 2 potions of might {unknown}
 u - 3 potions of lignification
 v - 3 potions of mutation
 w - a potion of ambrosia {unknown}
 x - 3 potions of brilliance {unknown}
 z - a potion of flight
 M - a potion of stabbing
Comestibles
 b - 21 rations


   Skills:
 + Level 8.4(8.1) Dodging
 + Level 8.5(8.2) Spellcasting
 * Level 12.1(11.7) Conjurations
 - Level 4.6(4.3) Fire Magic


You had 14 spell levels left.
You knew the following spells:

 Your Spells              Type           Power        Failure   Level  Hunger
a - Foxfire               Conj/Fire      ####         1%          1    None
b - Sticky Flame          Conj/Fire      ####....     3%          4    ###....
c - Mephitic Cloud        Conj/Pois/Air  ###.....     6%          3    #......
d - Fireball              Conj/Fire      ####......   10%         5    #####..

Your spell library contained the following spells:

 Spells                   Type           Power        Failure   Level  Hunger
 Magic Dart               Conj           ####         1%          1    None
 Conjure Flame            Conj/Fire      ####....     1%          3    #......
 Inner Flame              Hex/Fire       ##......     12%         3    #......
 Blink                    Tloc           N/A          14%         2    None
 Slow                     Hex            #.......     14%         2    None
 Call Imp                 Summ           Unusable     N/A         2    N/A

Dungeon Overview and Level Annotations

Branches:
Dungeon (10/15)            Temple (1/1) D:7             Orc (0/2) D:9
Ossuary (visited)
   Lair: D:8-11

Altars:
Ashenzari
Cheibriados
Elyvilon
Kikubaaqudgha
Ru
Uskayaw
Vehumet
Wu Jian
The Shining One

Shops:
D:7 ?   D:8 [


Innate Abilities, Weirdness & Mutations

You can breathe waves of freezing cold.
You can buffet flying creatures when you breathe cold.
Your icy white scales are hard. (AC +7)
You cannot fit into any form of body armour.
Your flesh is cold resistant. (rC+)
You are cold-blooded and may be slowed by cold attacks.
You cannot drink potions while threatened.
You cannot be stealthy.
You are hated by all.
Your cowardice makes you less effective in combat with threatening monsters.
Your tail ends in a poisonous barb.


Message History

The two-headed ogre is severely wounded.
The two-headed ogre hits you but does no damage.
The two-headed ogre hits you with a +0 giant club.
* * * LOW HITPOINT WARNING * * *
You barely miss the two-headed ogre.
The two-headed ogre is severely wounded.
The two-headed ogre misses you. The two-headed ogre barely misses you.
You hit the two-headed ogre.
Your tail-slap misses the two-headed ogre.
The two-headed ogre is severely wounded.
You can drink potions again.
The two-headed ogre closely misses you.
The two-headed ogre hits you with a +0 giant club!
You feel threatened and lose the ability to drink potions!
* * * LOW HITPOINT WARNING * * *
You hit the two-headed ogre.
You tail-slap the two-headed ogre, but do no damage.
The two-headed ogre is almost dead.
The two-headed ogre hits you with a +0 giant club!
You die...

#....#
#......#####.....
#....#
####.............
######
#.#######...[.
#.# #..... #.#
#..... .########
#.# ###.#.
........# #.#
#.##
........###.#
###.##
......O@.)..#
#.....
........#####
#..... .###'####
#..>.. # #.....
#..... #####
#..... O...#
#..... ###.##
#..... ...O.#
#.....


You could see a two-headed ogre.

Vanquished Creatures
  A two-headed ogre (D:8)
  Pikel (D:9)
  A deep elf mage (D:8)
  A centaur zombie (D:10)
  Psyche (D:8)
  A centaur skeleton (D:10)
  Maggie (D:6)
  A merfolk (D:9)
  Grinder (D:3)
  2 hippogriffs
  A wraith (D:10)
  4 yaks (D:9)
  A wyvern (D:10)
  Eustachio (D:6)
  A water moccasin (D:8)
  4 black bears
  A hornet zombie (D:6)
  Duvessa (D:7)
  9 orc warriors
  4 sky beasts
  4 slaves (D:9)
  3 phantoms
  9 ogres
  2 necrophages
  2 centaurs
  A crocodile (D:9)
  7 bullfrogs
  A big kobold (D:7)
  A gnoll sergeant (D:8)
  Dowan (D:7)
  A water moccasin zombie (D:8)
  5 scorpions
  8 wights
  9 killer bees
  2 howler monkeys
  3 crimson imps (D:5)
  2 bullfrog zombies
  6 hounds
  3 jellies
  Crazy Yiuf (D:7)
  11 orc priests
  2 iguanas
  13 orc wizards
  4 worker ants
  2 hound skeletons
  3 mummies (Ossuary)
  8 gnolls
  A howler monkey skeleton (D:5)
  19 adders
  3 shadow imps
  An adder skeleton (D:5)
  2 worms (D:2)
  3 dart slugs
  5 leopard geckos
  52 orcs
  A ball python (D:2)
  5 giant cockroaches
  14 goblins
  8 hobgoblins
  2 jackals (D:1)
  9 kobolds
  6 quokkas
  6 bats
  2 frilled lizards
  2 goblin zombies (Ossuary)
  3 hobgoblin zombies (Ossuary)
  3 kobold zombies (Ossuary)
  A quokka zombie (D:6)
  9 rats
  2 butterflies (D:7)
311 creatures vanquished.

Vanquished Creatures (collateral kills)
  An orc (D:5)
1 creature vanquished.

Vanquished Creatures (others)
  1141 foxfires
1141 creatures vanquished.

Grand Total: 1453 creatures vanquished

Notes
Turn   | Place    | Note
-------+----------+-------------------------------------------
     0 | D:1      | Lanoc the Draconian Fire Elementalist began the quest for
                  | the Orb.
     0 | D:1      | Reached XP level 1. HP: 14/14 MP: 3/3
   498 | D:1      | Reached XP level 2. HP: 20/20 MP: 1/5
  1319 | D:1      | Reached XP level 3. HP: 18/26 MP: 1/6
  2421 | D:2      | Found an ornate altar of the Wu Jian Council.
  2556 | D:2      | Reached XP level 4. HP: 30/33 MP: 7/7
  3355 | D:3      | Noticed Grinder
  3362 | D:3      | Reached skill level 2 in Conjurations
  3377 | D:3      | Gained mutation: Your spells are a little easier to cast,
                  | but a little less powerful. [potion of mutation]
  3377 | D:3      | Lost mutation: Your spells are a little easier to cast, but
                  | a little less powerful. [potion of mutation]
  3377 | D:3      | Gained mutation: Your tail ends in a poisonous barb.
                  | [potion of mutation]
  3380 | D:3      | Paralysed by Grinder for 3 turns
  3411 | D:3      | Killed Grinder
  3411 | D:3      | Reached XP level 5. HP: 38/38 MP: 0/9
  3411 | D:3      | Reached XP level 6. HP: 45/45 MP: 0/10
  3522 | D:3      | Reached skill level 5 in Fire Magic
  3821 | D:3      | Found a glowing golden altar of the Shining One.
  3821 | D:3      | Found a sacrificial altar of Ru.
  3821 | D:3      | Found a snail-covered altar of Cheibriados.
  3822 | D:3      | Found a shattered altar of Ashenzari.
  4317 | D:4      | Reached skill level 3 in Conjurations
  4566 | D:4      | Your scales start taking on an icy white colour.
  4566 | D:4      | Reached XP level 7. HP: 29/50 MP: 2/12
  4566 | D:4      | Gained mutation: Your flesh is cold resistant. (rC+) [White
                  | Draconian growth]
  4855 | D:3      | Became a worshipper of Ru the Awakened
  5132 | D:4      | Reached skill level 4 in Conjurations
  5411 | D:5      | Entered Level 5 of the Dungeon
  5738 | D:5      | Found a sand-covered staircase.
  5745 | Ossuary  | Entered an ossuary
  6429 | D:5      | Reached skill level 5 in Conjurations
  6429 | D:5      | Reached XP level 8. HP: 56/57 MP: 12/14
  6655 | D:5      | Found a radiant altar of Vehumet.
  6730 | D:5      | Gained mutation: You cannot drink potions while threatened.
                  | [Ru sacrifice]
  6730 | D:5      | Reached * piety under Ru
  6834 | D:5      | Reached skill level 6 in Conjurations
  7062 | D:5      | Found an ancient bone altar of Kikubaaqudgha.
  7088 | D:5      | Reached skill level 5 in Spellcasting
  7476 | D:6      | Reached skill level 5 in Dodging
  7801 | D:6      | Noticed Maggie
  7827 | D:6      | Killed Maggie
  7827 | D:6      | Reached skill level 7 in Conjurations
  7827 | D:6      | Reached XP level 9. HP: 15/62 MP: 2/17
  8183 | D:6      | Noticed Eustachio
  8204 | D:6      | Killed Eustachio
  8212 | D:6      | Learned a level 4 spell: Sticky Flame
  8825 | D:6      | Reached skill level 8 in Conjurations
  9141 | D:7      | Found a staircase to the Ecumenical Temple.
  9154 | Temple   | Entered the Ecumenical Temple
  9926 | D:7      | Found Uporchopu's Magic Scroll Boutique.
  9929 | D:7      | Bought a scroll of magic mapping for 35 gold pieces
  9929 | D:7      | Noticed Dowan
  9930 | D:7      | Noticed Duvessa
  9956 | D:7      | Killed Duvessa
  9956 | D:7      | Killed Dowan
  9956 | D:7      | Reached skill level 9 in Conjurations
 10269 | D:7      | Found a runed translucent door.
 10295 | D:7      | Noticed Crazy Yiuf
 10322 | D:7      | Killed Crazy Yiuf
 10655 | D:7      | Gained mutation: Your cowardice makes you less effective in
                  | combat with threatening monsters. [Ru sacrifice]
 10655 | D:7      | Reached ** piety under Ru
 10759 | D:8      | Reached XP level 10. HP: 35/69 MP: 8/20
 10936 | D:8      | Noticed a two-headed ogre
 10965 | D:8      | Killed a two-headed ogre
 11290 | D:8      | Noticed Psyche
 11302 | D:8      | Killed Psyche
 11302 | D:8      | Reached skill level 10 in Conjurations
 11520 | D:8      | Found Wiekleud's Antique Armour Emporium.
 12302 | D:8      | Gained mutation: You are hated by all. [Ru sacrifice]
 12302 | D:8      | Reached *** piety under Ru
 12394 | D:8      | Noticed a deep elf mage
 12401 | D:8      | Killed a deep elf mage
 13009 | D:9      | Reached skill level 11 in Conjurations
 13182 | D:9      | Noticed Pikel
 13208 | D:9      | Killed Pikel
 13647 | D:9      | Reached XP level 11. HP: 69/74 MP: 13/22
 14167 | D:9      | Found a staircase to the Orcish Mines.
 14889 | D:10     | Entered Level 10 of the Dungeon
 14995 | D:10     | Gained mutation: You cannot be stealthy. [Ru sacrifice]
 14995 | D:10     | Reached **** piety under Ru
 15694 | D:10     | Reached skill level 12 in Conjurations
 15697 | D:10     | Noticed a two-headed ogre
 15936 | D:10     | Learned a level 3 spell: Mephitic Cloud
 15942 | D:10     | Learned a level 5 spell: Fireball
 16019 | D:10     | Got a dazzling mace
 16020 | D:10     | Identified the +8 mace of the Omega Point {protect, rF+
                  | rC+} (You found it on level 10 of the Dungeon)
 16487 | D:10     | Slain by a two-headed ogre

Illustrated notes

Levels and vault maps discovered:
D:1:      minmay_arrival_wavy_path, layout_loops_cross, minmay_pentomino_q2
D:2:      layout_basic, lemuel_round_altar, first_ration
D:3:      layout_basic, chequers_temple_overflow_statue_of_worship,
          serial_bayou, serial_bayou_crossing, serial_bayou_pond_e,
          serial_bayou_pond_e, serial_bayou_lagoon_a, kennysheep_generic_room_7,
          uniq_grinder
D:4:      cheibrodos_old_hovel, layout_rooms
D:5:      layout_rooms, vehumet_altar_wand_db, nicolae_ossuary_entry_plus,
          basic_altar
D:6:      layout_basic, minmay_misc_feat_columns, uniq_eustachio, uniq_maggie
D:7:      layout_rooms, minmay_temple_entry_butterflies, serial_shops,
          kennysheep_mini_moat, uniq_crazy_yiuf_cottage, uniq_duvessa
D:8:      layout_cave_pools, serial_shops, shop_fountains, uniq_psyche
D:9:      layout_loops_ring, david_orc_4, serial_glass, glass_columns_a,
          glass_columns_c, hangedman_fish_farm, minmay_between, uniq_pikel
D:10:     layout_basic
Temple:   eino_temple_scatter_basement

Skill      XL: |  1  2  3  4  5  6  7  8  9 10 11 |
---------------+----------------------------------+-----
Dodging        | 2 3 4 5 6 7 8 |  8.4
Fire Magic     | 4 4 |  4.6
Conjurations   | 2 3 5 7 9 11 12 | 12.1
Spellcasting   | 3 4 5 6 7 8 |  8.5
Stealth        | 0 |  0.0

Action                   |  1- 3 |  4- 6 |  7- 9 | 10-12 || total
-------------------------+-------+-------+-------+-------++-------
Melee: Unarmed           |    39 |       |       |       ||    39
       Tailslap          |     8 |     5 |    27 |    18 ||    58
       Dagger            |    56 |    62 |   187 |       ||   305
       Broad axe         |       |       |    78 |       ||    78
       Quarterstaff      |       |       |    13 |   164 ||   177
       Mace              |       |       |       |    36 ||    36
 Cast: Foxfire           |    45 |    83 |   214 |   350 ||   692
Invok: Sacrifice Drink   |       |       |     1 |       ||     1
       Sacrifice Courage |       |       |     1 |       ||     1
       Sacrifice Love    |       |       |       |     1 ||     1
       Sacrifice Stealth |       |       |       |     1 ||     1
 Abil: Breathe Frost     |       |       |    17 |     9 ||    26
  Use: Potion            |       |     5 |       |       ||     5
       Scroll            |       |       |     1 |     1 ||     2
 Stab: Sleeping          |     3 |       |     2 |     2 ||     7
       Invisible         |       |       |       |     8 ||     8
  Eat: Chunk             |     6 |     6 |    12 |    19 ||    43
       Ration            |       |       |     3 |       ||     3
Armor: Skin              |    30 |    21 |    98 |    95 ||   244
Dodge: Dodged            |    78 |    35 |   342 |   314 ||   769

Table legend:
 A = Non-vault XP
 B = Vault XP
 C = Vault XP percentage of total XP
 D = Non-vault monster count
 E = Vault monster count
 F = Vault count percentage of total count
                 A         B        C        D         E       F
            +---------+---------+-------+---------+---------+-------
      Total |   12355 |    3562 |  22.4 |     261 |      45 |  14.7
            +---------+---------+-------+---------+---------+-------
        D:1 |      40 |       4 |   9.1 |      20 |       2 |   9.1
        D:2 |      61 |       0 |   0.0 |      20 |       0 |   0.0
        D:3 |      85 |     276 |  76.5 |      28 |       3 |   9.7
        D:4 |     549 |      42 |   7.1 |      18 |       1 |   5.3
        D:5 |     993 |       2 |   0.2 |      31 |       1 |   3.1
        D:6 |    1085 |     598 |  35.5 |      23 |       2 |   8.0
        D:7 |    1166 |     255 |  17.9 |      18 |       3 |  14.3
        D:8 |    3574 |     469 |  11.6 |      43 |       1 |   2.3
        D:9 |    2054 |    1854 |  47.4 |      27 |      21 |  43.8
       D:10 |    2748 |       0 |   0.0 |      33 |       0 |   0.0
    Ossuary |       0 |      62 | 100.0 |       0 |      11 | 100.0
            +---------+---------+-------+---------+---------+-------
